 Dungeon Crawl Stone Soup version 0.29-a0-330-g52719c12eb (webtiles) character file.

Game seed: 17402304407419148937

39 dohliylev the Grasshopper (level 3, -2/33 HPs)
             Began as a Troll Warper on May 11, 2022.
             Slain by a worm (6 damage)
             ... while paralysed by Grinder
             ... on level 3 of the Dungeon.
             The game lasted 00:02:30 (1386 turns).

dohliylev the Grasshopper (Troll Warper)            Turns: 1386, Time: 00:02:31

Health: -2/33      AC:  4    Str: 21    XL:     3   Next: 26%
Magic:  3/3        EV:  1    Int:  9    God:
Gold:   142        SH:  0    Dex:  9    Spells: 4/4 levels left

rFire   . . .      SeeInvis .     - Unarmed
rCold   + . .      Faith    .   (no shield)
rNeg    . . .      Spirit   .   a - +0 robe
rPois   .          Reflect  .   (helmet restricted)
rElec   .          Harm     .   (no cloak)
rCorr   .          Rampage  .   (gloves unavailable)
Will    .....                   (boots unavailable)
Stlth   +.........              (no amulet)
HPRegen 0.91/turn               h - ring of protection from cold
MPRegen 0.08/turn               (no ring)

@: paralysed
A: large, unfitting armour, claws 3, regeneration 1, shaggy fur 1, tough skin 1
a: no special abilities


You were on level 3 of the Dungeon.
You visited 1 branch of the dungeon, and saw 3 of its levels.

You collected 142 gold pieces.

Inventory:

Missiles
 c - 7 boomerangs of dispersal (quivered)
Armour
 a - a +0 robe (worn)
Jewellery
 h - a ring of protection from cold (left claw)
Wands
 m - a wand of flame (15)
Scrolls
 b - a scroll of blinking
 d - a scroll of magic mapping {unknown}
 e - 3 scrolls of identify {unknown}
 g - 2 scrolls of vulnerability {unknown}
 j - a scroll of enchant armour {unknown}
 k - a scroll of enchant weapon {unknown}
 l - a scroll of fog {unknown}
Potions
 f - 3 potions of curing {unknown}
 i - a potion of heal wounds {unknown}


   Skills:
 + Level 1.6 Fighting
 + Level 1.1 Throwing
 + Level 2.2 Dodging
 * Level 2.6 Unarmed Combat
 + Level 1.2 Spellcasting
 + Level 2.6 Translocations


You had 4 spell levels left.
You didn't know any spells.
Your spell library contained the following spells:

 Spells                   Type           Power      Damage    Failure   Level
 Blink                    Tloc           10%        N/A       19%         2
 Gell's Gravitas          Tloc           5%         N/A       36%         3
 Lesser Beckoning         Tloc           5%         N/A       36%         3
 Teleport Other           Tloc           5%         N/A       36%         3
 Ensorcelled Hibernation  Hex/Ice        0%         N/A       50%         2
 Spider Form              Tmut/Pois      0%         N/A       73%         3
 Anguish                  Hex/Necr       0%         N/A       98%         4
 Manifold Assault         Tloc           5%         N/A       98%         5
 Dispersal                Tloc           2%         N/A       100%        6


Dungeon Overview and Level Annotations

Branches:
Dungeon (3/15)

Altars:

Shops:
D:1 [

Annotations:
D:3 Grinder


Innate Abilities, Weirdness & Mutations

You are too large for most types of armour.
You have claws for hands.
Your natural rate of healing is unusually fast.
You are covered in fur. (AC +1)
You have tough skin. (AC +1)


Message History

You closely miss the orc.
Grinder shouts!
The orc hits you with a +0 hand axe.
Grinder blinks!
You closely miss the orc. The orc hits you with a +0 hand axe.
You barely miss the orc. The orc hits you but does no damage.
Grinder blinks!
You scratch the orc but do no damage. The orc hits you with a +0 hand axe.
You barely miss the worm. The orc closely misses you.
You barely miss the worm. The orc hits you with a +0 hand axe.
The worm bites you.
You are too injured to fight recklessly!
You are too injured to fight recklessly!
You are too injured to fight recklessly!
You are too injured to fight recklessly!
The orc attacks as you move away! The orc hits you with a +0 hand axe.
Grinder says, "What is the universe for?"
Grinder blinks!
The orc attacks as you move away! The orc hits you with a +0 hand axe.
The orc attacks as you move away! The orc hits you with a +0 hand axe.
There is an open door here.
The orc attacks as you move away! The orc closely misses you.
You scratch the orc.
The orc is heavily wounded.
The orc hits you with a +0 hand axe.
You scratch the orc but do no damage.
The orc is heavily wounded.
The orc hits you but does no damage.
Grinder blinks!
You claw the orc!
You kill the orc!
Things that are here:
a +0 hand axe; an orc corpse
There is an open door here.
The worm bites you!
* * * LOW HITPOINT WARNING * * *
Grinder gestures at you.
You suddenly lose the ability to move!
Grinder gestures at you. Pain shoots through your body!
* * * LOW HITPOINT WARNING * * *
The worm bites you.
You die...

##+#.#....#)#
...#....#'#######
#####............#
................#
####............#
#............#
#..5.........#
#######w...........#
.......@...........#
##########.#+##########
+..<.......#
#...#......#
#.###.####.#
#.......##.#
......#....#
#############


You could see Grinder and a worm.

Vanquished Creatures
  2 worms
  An orc (D:3)
  A ball python (D:1)
  4 giant cockroaches
  2 goblins
  6 hobgoblins
  A jackal (D:2)
  4 kobolds
  3 bats
  3 frilled lizards
  A rat (D:1)
28 creatures vanquished.

Vanquished Creatures (others)
  7 plants (D:2)
7 creatures vanquished.

Grand Total: 35 creatures vanquished

Notes
Turn   | Place    | Note
-------+----------+-------------------------------------------
     0 | D:1      | dohliylev the Troll Warper began the quest for the Orb.
     0 | D:1      | Reached XP level 1. HP: 19/19 MP: 1/1
   226 | D:1      | Reached skill level 1 in Throwing
   245 | D:1      | Reached XP level 2. HP: 22/27 MP: 2/2
   272 | D:1      | Found Veziso's Armour Shop.
  1168 | D:2      | Reached XP level 3. HP: 25/33 MP: 3/3
  1333 | D:3      | Found Afuam's Antique Armour Shop.
  1350 | D:3      | Noticed Grinder
  1381 | D:3      | Paralysed by Grinder for 6 turns
  1383 | D:3      | HP: 1/33 [Grinder/nerve-wracking pain (13)]
  1386 | D:3      | Slain by a worm

Illustrated notes

Levels and vault maps discovered:
D:1:      saegor_arrival_simple_a, layout_basic, serial_shops, shop,
          minivault_23
D:2:      layout_rooms, serial_bayou_pond_b
D:3:      layout_basic, nicolae_ru_the_path_less_chosen,
          dreamdust_ecumenical_altar_grove, serial_shops, nicolae_diamond_shop,
          uniq_grinder

Skill      XL: |  1 |
---------------+----+-----
Dodging        | 2 |  2.2
Throwing       | 1 |  1.1
Fighting       | |  1.6
Unarmed Combat | |  2.6
Spellcasting   | |  1.2
Translocations | |  2.6

Action                   || total
-------------------------++-------
Melee: Unarmed           ||    82
Armor: Robe              ||    36
Dodge: Dodged            ||    44

Table legend: (Time is in decaauts)
 A = Elapsed time spent in this place.
 B = Non-inter-level travel time spent in this place.
 C = Inter-level travel time spent in this place.
 D = Time resting spent in this place.
 E = Time spent auto-exploring this place.
 F = Levels seen in this place.
 G = Mean time per level.
                   A        B        C        D        E       F      G
               +--------+--------+--------+--------+--------+-----+--------+
         Total |   1381 |   1361 |     20 |    314 |    810 |   3 |  460.3 |
       Dungeon |   1381 |   1361 |     20 |    314 |    810 |   3 |  460.3 |
               +--------+--------+--------+--------+--------+-----+--------+

Top non-repeatable levels by time:
     D:2: 807 daAuts
     D:1: 478 daAuts
     D:3: 95 daAuts
